 Dungeon Crawl Stone Soup version 0.28-a0-1167-g616b1c6417 (webtiles) character file.

Game seed: 11479473169290741618

144 LadyOphelia the Shield-Bearer (level 5, -8/42 HPs)
             Began as a Formicid Fighter on Dec 16, 2021.
             Mangled by a wyvern zombie (10 damage)
             ... on level 7 of the Dungeon.
             The game lasted 00:08:38 (3345 turns).

LadyOphelia the Shield-Bearer (Formicid Fighter)    Turns: 3345, Time: 00:08:38

Health: -8/42      AC:  3    Str: 22    XL:     5   Next: 52%
Magic:  5/5        EV: 11    Int:  8    God:
Gold:   137        SH:  4    Dex: 10    Spells: 4/4 levels left

rFire   . . .      SeeInvis +   a - +0 war axe
rCold   + . .      Faith    .   c - +0 buckler
rNeg    . . .      Spirit   .   q - +0 leather armour {rC+}
rPois   +          Reflect  .   (helmet unavailable)
rElec   .          Harm     .   (no cloak)
rCorr   .          Rampage  .   (no gloves)
Will    .....                   (no boots)
Stlth   +.........              (no amulet)
HPRegen 0.14/turn               g - ring of poison resistance
MPRegen 0.09/turn               (no ring)

@: no status effects
A: permanent stasis, dig shafts and tunnels, antennae 3, four strong arms
a: Dig, Shaft Self


You were on level 7 of the Dungeon.
You visited 1 branch of the dungeon, and saw 5 of its levels.

You collected 137 gold pieces.

Inventory:

Hand Weapons
 a - a +0 war axe (weapon)
 i - a +1 dagger of freezing
Armour
 b - a +0 scale mail
 c - a +0 buckler (worn)
 q - a +0 leather armour of cold resistance (worn)
Jewellery
 g - a ring of poison resistance (left hand)
Wands
 l - a wand of mindburst (4)
Scrolls
 h - a scroll of magic mapping
 j - a scroll of vulnerability {unknown}
 k - a scroll of teleportation {unknown}
 m - a scroll of fear {unknown}
 o - a scroll of amnesia {unknown}
Potions
 d - 2 potions of might
 e - a potion of flight {unknown}
 f - a potion of berserk rage {unknown}
 n - a potion of heal wounds {unknown}
 p - a potion of attraction {unknown}
 r - a potion of resistance {unknown}


   Skills:
 + Level 3.8 Fighting
 + Level 3.3 Axes
 + Level 4.3 Armour
 + Level 0.7 Dodging
 + Level 0.1 Stealth
 + Level 4.5 Shields


You had 4 spell levels left.
You didn't know any spells.
Your spell library contained the following spells:

 Spells                   Type           Power      Damage    Failure   Level
 Sting                    Tmut/Pois      0%         1d3       45%         1
 Passwall                 Tmut/Erth      0%         N/A       58%         2
 Poisonous Vapours        Pois/Air       0%         N/A       58%         2
 Inner Flame              Hex/Fire       0%         N/A       83%         3
 Olgreb's Toxic Radiance  Pois           0%         N/A       99%         4
 Summon Ice Beast         Ice/Summ       0%         N/A       99%         4
 Summon Forest            Summ/Tloc      0%         N/A       100%        5
 Summon Mana Viper        Hex/Summ       0%         N/A       100%        5
 Summon Cactus Giant      Summ           0%         N/A       100%        6
 Spellforged Servitor     Conj/Summ      0%         N/A       100%        7
 Swiftness                Air            Unusable   N/A       N/A         3

Dungeon Overview and Level Annotations

Branches:
Dungeon (4/15)
 Temple: D:4-7

Altars:
Hepliaklqana


Innate Abilities, Weirdness & Mutations

You cannot be hasted, slowed, berserked, paralysed or teleported.
You can dig through walls and to a lower floor.
You have a pair of large antennae on your head. (SInv)
Your four strong arms can wield two-handed weapons with a shield.


Message History

Found an escape hatch in the ceiling.
r - a glowing ruby potion
Found a stone staircase leading down.
There is a stone staircase leading down here.
You now have 120 gold pieces (gained 9).
You now have 137 gold pieces (gained 17).
You extend your mandibles.
You dig through the rock wall.
A killer bee and a zombie come into view.
The killer bee buzzes angrily.
A howler monkey skeleton comes into view.
The wyvern zombie closely misses you.
You retract your mandibles.
The killer bee completely misses you. You block the killer bee's attack.
You slash the killer bee!
The killer bee is severely wounded.
You barely miss the wyvern zombie. The killer bee barely misses you.
The wyvern zombie bites you!
The killer bee stings you but does no damage.
The wyvern zombie bites you!
You closely miss the killer bee.
The killer bee is severely wounded.
You hit the wyvern zombie.
The killer bee stings you but does no damage. x2
The wyvern zombie barely misses you. The killer bee barely misses you.
The wyvern zombie barely misses you.
You barely miss the killer bee.
The killer bee is severely wounded.
You slash the wyvern zombie! The killer bee closely misses you.
The killer bee stings you. The wyvern zombie bites you.
* * * LOW HITPOINT WARNING * * *
The killer bee stings you.
* * * LOW HITPOINT WARNING * * *
Are you sure you want to shaft yourself?
Okay, then.
Are you sure you want to shaft yourself?
The killer bee stings you.
* * * LOW HITPOINT WARNING * * *
The wyvern zombie bites you!
You die...

#.# #....)....##..........# #.#
#######)..##..........# #.#
#........##..........# #.#
#.####.#.##..........# #.#
*,#....#.##..........# #.#
*,#.####.############# #.####
*,#.# #.# #....#
*,#.####.########*********
####.###+#......@yZ.....,,+,,,,,,
#..........######Z......,,*{,{,,,
#..........# *.......,,*,,,,,,
#..>.......# *.......,,*,,,,,,
#......#####*****###+###*********
#......# *>,,,*,,,,*,,,,*,,,,,,
#......# *,,,,*,⌠,,*,,,,*,,,,,,
######## *,,,,*,,⌠,*,,,,*,,,,,,
*,,,{+,,,,*,,,,*,,,,,,


You could see a killer bee, a wyvern zombie and a howler monkey skeleton.

Vanquished Creatures
  2 orc wizards (D:7)
  3 adders
  3 worms
  A dart slug (D:4)
  7 orcs (D:7)
  3 bats
  7 endoplasms
  2 giant cockroaches
  6 goblins
  A hobgoblin (D:2)
  4 quokkas
  3 ball pythons (D:2)
  A frilled lizard (D:2)
  3 kobolds
  3 rats (D:3)
49 creatures vanquished.

Notes
Turn   | Place    | Note
-------+----------+-------------------------------------------
     0 | D:1      | LadyOphelia the Formicid Fighter began the quest for the
                  | Orb.
     0 | D:1      | Reached XP level 1. HP: 18/18 MP: 1/1
    67 | D:1      | Got the Disquisition on Creative Execration
    74 | D:1      | You fall into a shaft and drop 1 floor!
    81 | D:2      | Reached XP level 2. HP: 24/24 MP: 2/2
   666 | D:2      | Reached XP level 3. HP: 29/29 MP: 3/3
  1507 | D:3      | Reached XP level 4. HP: 37/37 MP: 4/4
  2482 | D:3      | Found a hazy altar of Hepliaklqana.
  2738 | D:4      | You fall into a shaft and drop 3 floors!
  3049 | D:7      | Reached XP level 5. HP: 33/42 MP: 5/5
  3345 | D:7      | HP: 2/42 [killer bee (3)]
  3345 | D:7      | Mangled by a wyvern zombie

Illustrated notes

Levels and vault maps discovered:
D:1:      elethiomel_arrival_maze, layout_rooms, ebering_ecumenical_altar_box,
          grunt_decor_one_mirror
D:2:      minmay_chambers_of_ones, layout_loops_cross,
          minmay_misc_feat_ornament, fountainhead,
          minmay_misc_feat_secret_circle
D:3:      minmay_recursive_quarters, layout_loops_ring,
          worldfamousw_hep_ancestral_shrine, minivault_5
D:4:      layout_cave_pools, gup_sewer_entry_bubbles
D:7:      minmay_klotski, layout_basic, mainiacjoe_overflow_24_doors,
          minmay_between

Skill      XL: |  1  2  3  4 |
---------------+-------------+-----
Shields        | 4 |  4.5
Axes           | 3 |  3.3
Armour         | 4 |  4.3
Fighting       | |  3.8
Dodging        | |  0.7
Stealth        | |  0.1

Action                   |  1- 3 |  4- 6 || total
-------------------------+-------+-------++-------
Melee: War axe           |    70 |    85 ||   155
 Abil: Shaft Self        |     1 |     2 ||     3
       Dig               |     3 |     2 ||     5
  Use: Scroll            |       |     1 ||     1
       Potion            |       |     1 ||     1
Armor: Scale mail        |    31 |    40 ||    71
       Leather armour    |       |     3 ||     3
Dodge: Dodged            |    37 |    53 ||    90
Block: Buckler           |    20 |    26 ||    46

Table legend: (Time is in decaauts)
 A = Elapsed time spent in this place.
 B = Non-inter-level travel time spent in this place.
 C = Inter-level travel time spent in this place.
 D = Time resting spent in this place.
 E = Time spent auto-exploring this place.
 F = Levels seen in this place.
 G = Mean time per level.
                   A        B        C        D        E       F      G
               +--------+--------+--------+--------+--------+-----+--------+
         Total |   3404 |   3368 |     36 |   1134 |   1551 |   5 |  680.8 |
       Dungeon |   3404 |   3368 |     36 |   1134 |   1551 |   5 |  680.8 |
               +--------+--------+--------+--------+--------+-----+--------+

Top non-repeatable levels by time:
     D:3: 1340 daAuts
     D:2: 1304 daAuts
     D:7: 616 daAuts
     D:1: 77 daAuts
     D:4: 65 daAuts
